 Dungeon Crawl Stone Soup version 0.30-a0-757-ga6a79fd877 (webtiles) character file.

Game seed: 2033681914329005001

2419 Esekla the Covert (level 9, -2/61 HPs)
             Began as an Octopode Delver on Feb 9, 2023.
             Was an Initiate of Gozag.
             Killed from afar by Maggie (23 damage)
             ... with a bolt of fire
             ... on level 7 of the Dungeon.
             The game lasted 00:46:06 (7443 turns).

Esekla the Covert (Octopode Delver)                 Turns: 7443, Time: 00:46:07

Health: -2/61      AC:  8    Str: 11    XL:     9   Next: 48%
Magic:  13/13      EV: 15    Int: 22    God:    Gozag
Gold:   862        SH:  0    Dex: 20    Spells: 10/13 levels left

rFire   . . .      SeeInvis .    a - +1 falchion (protect)
rCold   . . .      Faith    .    (no shield)
rNeg    . . .      Spirit   .    (helmet restricted)
rPois   .          Reflect  .    (no amulet)
rElec   .          Harm     .    t - +6 ring of intelligence
rCorr   .          Rampage  .    w - +6 ring of dexterity
Will    .....                    (no ring)
Stlth   +++++                    (no ring)
HPRegen 0.30/turn                (no ring)
MPRegen 0.13/turn                (no ring)
                                 (no ring)
                                 (no ring)

@: gold aura, under a protective aura, mesmerised
A: almost no armour, amphibious, 8 rings, camouflage 1, gelatinous body 1,
(nimble swimmer 1), tentacles
a: Renounce Religion, Potion Petition, Call Merchant, Bribe Branch


You were on level 7 of the Dungeon.
You worshipped Gozag.
Gozag was pleased with you.
You visited 1 branch of the dungeon, and saw 7 of its levels.
You also visited: Sewer and Ossuary.

You collected 1949 gold pieces.
You spent 1074 gold pieces at shops.
You paid 13 gold pieces to Gozag.

Inventory:

Hand Weapons
 a - a +1 falchion of protection (weapon)
 r - a +0 trident
 s - a +0 dagger of electrocution
 z - a +2 scimitar of freezing
 N - a +5 heavy long sword
Missiles
 D - 29 poisoned darts (quivered)
 L - 2 throwing nets
Armour
 O - a +0 buckler
Jewellery
 t - a +6 ring of intelligence (left tentacle)
 w - a +6 ring of dexterity (right tentacle)
Wands
 c - a wand of flame (4)
 f - a wand of digging (3)
 M - a wand of light (9)
 P - a wand of roots (5)
Scrolls
 b - 2 scrolls of fog
 d - 4 scrolls of fear
 i - a scroll of immolation {unknown}
 l - 10 scrolls of identify
 o - a scroll of noise {unknown}
 p - 4 scrolls of blinking
 u - 2 scrolls of torment {unknown}
 x - 2 scrolls of magic mapping
 y - 2 scrolls of vulnerability {unknown}
 B - 3 scrolls of enchant armour {unknown}
 C - 3 scrolls of poison {unknown}
 E - 2 scrolls of teleportation
 G - a scroll of silence {unknown}
 H - a scroll of acquirement {unknown}
 Q - a scroll of amnesia {unknown}
Potions
 e - 2 potions of haste
 g - 5 potions of heal wounds {unknown}
 h - 2 potions of mutation {unknown}
 j - 4 potions of attraction {unknown}
 k - 4 potions of lignification {unknown}
 m - a potion of ambrosia {unknown}
 n - 4 potions of flight {unknown}
 q - a potion of resistance {unknown}
 v - a potion of berserk rage {unknown}
 A - 7 potions of curing {unknown}
 F - 4 potions of brilliance
 I - a potion of magic {unknown}
 J - 3 potions of degeneration {unknown}
 K - a potion of cancellation {unknown}


   Skills:
 * Level 5.2 Fighting
 + Level 2.1(4.4) Short Blades
 * Level 6.2(6.4) Long Blades
 + Level 2.2 Throwing
 * Level 4.0 Dodging
 - Level 8.1 Stealth
 * Level 1.1 Shields
 * Level 2.9 Spellcasting
 + Level 3.2 Conjurations
 * Level 2.1 Transmutations
 + Level 3.4 Air Magic
 * Level 2.6 Earth Magic
 + Level 3.0 Poison Magic
 + Level 0.1 Evocations


You had 10 spell levels left.
You knew the following spells:

 Your Spells              Type           Power      Damage    Failure   Level
c - Mephitic Cloud        Conj/Pois/Air  17%        N/A       10%         3

Your spell library contained the following spells:

 Spells                   Type           Power      Damage    Failure   Level
 Poisonous Vapours        Pois/Air       34%        N/A       4%          2
 Kiss of Death            Conj/Necr      40%        2d8       6%          1
 Cigotuvi's Dreadful Rot  Necr/Pois/Air  24%        N/A       8%          2
 Confusing Touch          Hex            3%         N/A       36%         3
 Dispel Undead            Necr           3%         3d7       77%         4
 Haunt                    Necr/Summ      1%         N/A       100%        7
 Infestation              Necr           1%         N/A       100%        8
 Animate Dead             Necr           Unusable   N/A       N/A         4

Dungeon Overview and Level Annotations

Branches:
Dungeon (7/15)             Temple (0/1) D:6           Sewer (visited)
Ossuary (visited)

Altars:
Cheibriados
Dithmenos
Gozag
Hepliaklqana
Kikubaaqudgha
Trog
The Shining One

Shops:
D:1 [   D:4 (*[(:[   D:6 **?(

Annotations:
D:4 gold in fire
D:7 Maggie


Innate Abilities, Weirdness & Mutations

You cannot wear most types of armour.
You are amphibious.
You can wear up to eight rings at the same time.
Your skin changes colour to match your surroundings (Stealth+).
Your rubbery body absorbs attacks. (AC +1, EV +1)
((You are camouflaged when in or above water. (Stealth+)))
You have tentacles for arms and can constrict up to eight enemies at once.


Message History

Maggie gestures wildly while chanting.
Maggie attempts to bespell you!
You are mesmerised by Maggie!
You hit Maggie.
Maggie is moderately wounded.
You constrict Maggie. Maggie barely misses you.
You hit Maggie but do no damage.
Maggie is heavily wounded.
You constrict Maggie, but do no damage.
Maggie says, "Did Master Lance send you?"
Maggie hits you but does no damage.
You hit Maggie.
Maggie is heavily wounded.
You constrict Maggie, but do no damage. Maggie barely misses you.
You slash Maggie!
Maggie is severely wounded.
You constrict Maggie, but do no damage. Maggie casts a spell at you.
The bolt of fire hits you!!
Ouch! That really hurt!
Okay, then.
Unknown command.
Okay, then.
You hit Maggie but do no damage.
Maggie is severely wounded.
You constrict Maggie, but do no damage. Maggie barely misses you.
Okay, then.
Unknown command.
You hit Maggie but do no damage. You squeeze Maggie, but do no damage.
Maggie is severely wounded.
You constrict Maggie. Maggie gestures at you while chanting.
The bolt of fire misses you.
You hit Maggie but do no damage. You squeeze Maggie.
Maggie is severely wounded.
You constrict Maggie. Maggie gestures at you while chanting.
The bolt of fire hits you!!
You die...
Your body crumbles into a pile of gold.

####### #####
######.....# #...#
#........@@# #...#
#..........## #...#
#...........#
#.(.#########$##...#
'......##...........#
#......##.########.##
#......'......... ...
##.....##.###....
.##. .'.....##.#.. .#


You could see Maggie (mesmerising, empowered).

Vanquished Creatures
  Menkaure (D:4)
  4 water moccasins
  3 ice beasts
  2 black bears
  2 ogres (D:6)
  A kobold brigand (D:4)
  3 bullfrogs
  3 necrophages
  4 hounds
  2 orc priests (D:3)
  3 jellies
  4 iguanas
  8 mummies (Ossuary)
  12 gnolls
  6 adders
  2 ufetubi (D:6)
  A worm (D:2)
  3 dart slugs
  5 orcs
  10 bats
  2 bat zombies (D:4)
  10 endoplasms
  12 giant cockroaches
  9 goblins
  2 hobgoblins
  4 jackals (D:1)
  13 quokkas
  20 ball pythons
  10 frilled lizards
  2 gnoll zombies (Ossuary)
  A hobgoblin zombie (Ossuary)
  27 kobolds
  3 kobold zombies (Ossuary)
  2 orc zombies (Ossuary)
  4 rats
200 creatures vanquished.

Vanquished Creatures (others)
  An endoplasm (D:4)
  18 plants (D:4)
19 creatures vanquished.

Grand Total: 219 creatures vanquished

Notes
Turn   | Place    | Note
-------+----------+-------------------------------------------
     0 | D:5      | Esekla the Octopode Delver began the quest for the Orb.
     0 | D:5      | Reached XP level 1. HP: 16/16 MP: 1/1
    44 | D:5      | Found a snail-covered altar of Cheibriados.
    55 | D:5      | Found an opulent altar of Gozag.
    63 | D:5      | Became a worshipper of Gozag Ym Sagoz the Greedy
    69 | D:5      | Found a glowing golden altar of the Shining One.
    81 | D:4      | Found Jylleunia's Book Boutique.
    99 | D:5      | Noticed a hound
   112 | D:5      | Noticed a jelly
   167 | D:5      | Noticed an iguana
   233 | D:4      | Found Irchef's Armour Shop.
   280 | D:4      | Reached XP level 2. HP: 14/21 MP: 2/2
   296 | D:3      | Reached skill level 7 in Stealth
   296 | D:3      | Reached skill level 1 in Poison Magic
   296 | D:3      | Reached XP level 3. HP: 18/26 MP: 3/3
   301 | D:3      | Reached XP level 4. HP: 15/31 MP: 3/5
   444 | D:3      | Found a glowing drain.
   545 | Sewer    | Entered a sewer
   700 | Sewer    | Reached skill level 1 in Conjurations
   752 | Sewer    | Reached XP level 5. HP: 31/36 MP: 6/6
  1206 | Sewer    | Reached skill level 1 in Air Magic
  1238 | Sewer    | Reached skill level 1 in Spellcasting
  1308 | Sewer    | Reached XP level 6. HP: 35/42 MP: 7/7
  1337 | D:3      | Upgraded the game from 0.30-a0-748-ge6a52f7cba to
                  | 0.30-a0-757-ga6a79fd877
  1410 | D:3      | Found a faded altar of an unknown god.
  1707 | D:3      | Found a bloodstained altar of Trog.
  1945 | D:3      | Found a hazy altar of Hepliaklqana.
  1949 | D:3      | Found a shadowy altar of Dithmenos.
  1949 | D:3      | Noticed a shadow
  2333 | D:1      | Found Zapim's Antique Armour Emporium.
  3457 | D:4      | Found Umutacwa's Antique Weapon Emporium.
  3590 | D:4      | Noticed Menkaure
  3615 | D:4      | Found Tocvoul's Antique Armour Emporium.
  3754 | D:4      | Noticed a water moccasin
  3766 | D:3      | Reached XP level 7. HP: 28/47 MP: 9/9
  3965 | D:5      | Reached skill level 8 in Stealth
  4027 | D:4      | Bought a book of Vapours for 220 gold pieces
  4031 | D:4      | Learned a level 3 spell: Mephitic Cloud
  4065 | D:5      | Reached skill level 1 in Short Blades
  4158 | D:6      | Reached XP level 8. HP: 54/54 MP: 3/11
  4163 | D:6      | Reached skill level 1 in Transmutations
  4163 | D:6      | Reached skill level 1 in Earth Magic
  4215 | D:6      | Found a sand-covered staircase.
  4241 | Ossuary  | Entered an ossuary
  4802 | D:4      | Found Misis's Assorted Antiques.
  4810 | D:4      | Bought a golden potion for 27 gold pieces
  4810 | D:4      | Bought a puce potion for 27 gold pieces
  4842 | D:4      | Found Houckeal's Antique Weapon Emporium.
  5494 | D:4      | Killed Menkaure
  5495 | D:4      | Reached skill level 5 in Long Blades
  5495 | D:4      | Reached skill level 1 in Throwing
  5697 | D:4      | Found an ancient bone altar of Kikubaaqudgha.
  5899 | D:4      | Bought a glowing scimitar for 203 gold pieces
  5899 | D:4      | Bought a runed falchion for 174 gold pieces
  5899 | D:4      | Bought a runed long sword for 188 gold pieces
  5946 | D:6      | Found Wurghif's Magic Scroll Shoppe.
  5947 | D:6      | Found Poace Kig's Assorted Antiques.
  5949 | D:6      | Bought a scroll of identify for 26 gold pieces
  5949 | D:6      | Bought a scroll of identify for 26 gold pieces
  5949 | D:6      | Bought a scroll of identify for 26 gold pieces
  5949 | D:6      | Bought a scroll of teleportation for 39 gold pieces
  5986 | D:6      | Found Waogg's Assorted Antiques.
  6003 | D:6      | Bought a scroll labelled JIWAPE FUTIT for 31 gold pieces
  6003 | D:6      | Bought a scroll labelled YWIGAA EBUWU for 31 gold pieces
  6042 | D:6      | Found Vuxuwiun's Weapon Shoppe.
  6102 | D:6      | Found a staircase to the Ecumenical Temple.
  6199 | D:6      | Reached XP level 9. HP: 34/60 MP: 9/12
  6303 | D:6      | Reached skill level 5 in Fighting
  6752 | D:6      | Bought a puce potion for 18 gold pieces
  6752 | D:6      | Bought a smoky blue potion for 18 gold pieces
  6752 | D:6      | Bought a scroll labelled KALILE CEREFRUN for 20 gold pieces
  7344 | D:7      | Reached skill level 1 in Shields
  7426 | D:7      | Noticed Maggie
  7443 | D:7      | Killed from afar by Maggie

Illustrated notes

Levels and vault maps discovered:
D:1:      sevenhm_arrival_forest_fort_small_4, layout_basic, serial_shops,
          shop_fountains
D:2:      layout_basic, minmay_bisected
D:3:      layout_loops_corners, riverfiend_overflow_shadow_ancestor,
          mainiacjoe_overflow_catwalk, portal_sewer_entry_d,
          chequers_ecumenical_altar_simple_redux
D:4:      kennysheep_kobold_camp, layout_loops_corners,
          lemuel_zombie_altar_kikubaaqudgha, fedhas_altar_fruit_tree,
          serial_shops, shop_statue, nicolae_stop_n_shop_1,
          nicolae_take_the_stairs, shop, shop, nicolae_wooded_promenade,
          minmay_misc_feat_more_columns, uniq_menkaure
D:5:      layout_basic, mainiacjoe_overflow_large_starburst,
          nicolae_overflow_crystal_walls
D:6:      layout_basic, minmay_temple_entry_sparse_star, serial_shops, shop,
          nicolae_square_shop, nicolae_shop_window_shopping,
          nicolae_lakefront_shop, lightli_ossuary_entry_decrepit_ruins
D:7:      layout_basic, grunt_ministairs_7, uniq_maggie

Skill      XL: |  1  2  3  4  5  6  7  8  9 |
---------------+----------------------------+-----
Stealth        | 7 8 |  8.1
Poison Magic   | 1 2 3 |  3.0
Conjurations   | 1 2 3 |  3.2
Air Magic      | 1 2 3 |  3.4
Long Blades    | 3 4 5 6 |  6.2
Spellcasting   | 1 2 |  2.9
Dodging        | 3 4 |  4.0
Fighting       | 4 5 |  5.2
Short Blades   | 1 2 |  2.1
Transmutations | 1 2 |  2.1
Earth Magic    | 2 |  2.6
Throwing       | 1 2 |  2.2
Shields        | 1 |  1.1
Evocations     | |  0.1

Action                     |  1- 3 |  4- 6 |  7- 9 || total
---------------------------+-------+-------+-------++-------
  Melee: Long sword        |    11 |   153 |    70 ||   234
         Constrict         |     4 |    36 |    44 ||    84
         Tentacles         |     2 |    24 |    57 ||    83
         Punch             |       |     2 |     4 ||     6
         Dagger            |       |    23 |    62 ||    85
         Falchion          |       |       |    62 ||    62
  Throw: Dart              |       |     3 |    14 ||    17
   Cast: Mephitic Cloud    |       |       |     4 ||     4
  Evoke: Wand              |       |     3 |     6 ||     9
    Use: Scroll            |     1 |       |     1 ||     2
   Stab: Sleeping          |     1 |    45 |    20 ||    66
         Distracted        |       |     4 |       ||     4
         Confused          |       |       |     2 ||     2
 Armour: Skin              |       |     7 |    19 ||    26
  Dodge: Dodged            |     4 |    95 |    59 ||   158

Table legend: (Time is in decaauts)
 A = Elapsed time spent in this place.
 B = Non-inter-level travel time spent in this place.
 C = Inter-level travel time spent in this place.
 D = Time resting spent in this place.
 E = Time spent auto-exploring this place.
 F = Levels seen in this place.
 G = Mean time per level.
                   A        B        C        D        E       F      G
               +--------+--------+--------+--------+--------+-----+--------+
         Total |   7463 |   7279 |    184 |   1320 |   1699 |   9 |  829.2 |
       Dungeon |   6332 |   6148 |    184 |    926 |   1699 |   7 |  904.6 |
         Sewer |    812 |    812 |      0 |    378 |      0 |   1 |  812.0 |
       Ossuary |    318 |    318 |      0 |     16 |      0 |   1 |  318.0 |
               +--------+--------+--------+--------+--------+-----+--------+

Top non-repeatable levels by time:
     D:4: 1535 daAuts
     D:3: 1238 daAuts
     D:6: 1223 daAuts
   Sewer: 812 daAuts
     D:1: 755 daAuts
     D:5: 703 daAuts
     D:2: 502 daAuts
     D:7: 374 daAuts
 Ossuary: 318 daAuts
